 Dungeon Sprint DCSS version 0.22.0-49-gab54619 (webtiles) character file.

47607 HoaS the Executioner (level 14, -6/160 HPs)
             Began as a Minotaur Berserker on Sept 8, 2018.
             Was the Champion of Trog.
             Killed from afar by a fire dragon (26 damage)
             ... with a blast of flame
             ... in the Dungeon (Sprint IX: "|||||||||||||||||||||||||||||").
             The game lasted 00:22:44 (6093 turns).

HoaS the Executioner (Minotaur Berserker)           Turns: 6093, Time: 00:22:45

Health: -6/160     AC: 36    Str: 27    XL:     14   Next: 9%
Magic:  4/4        EV: 15    Int:  4    God:    Trog [******]
Gold:   1162       SH:  0    Dex: 10    Spells: 13/13 levels left

rFire    . . .     SeeInvis .   m - +6 executioner's axe (antimagic)
rCold    . . .     Gourm    .   (shield currently unavailable)
rNeg     . . .     Faith    .   q - +8 plate armour
rPois    .         Spirit   .   (helmet restricted)
rElec    .         Reflect  .   y - +1 cloak
rCorr    .         Harm     .   b - +0 pair of gloves
MR       ++...     NoTele   +   w - +2 pair of boots {Fly}
Stlth    ..........             (no amulet)
HPRegen  0.36/turn              n - +2 ring of protection
MPRegen  0.09/turn              o - ring of protection from magic

@: flying
A: retaliatory headbutt, horns 2
a: Berserk, Trog's Hand, Brothers in Arms, Renounce Religion, Stop Flying


You were in the Dungeon.
You worshipped Trog.
Trog was exalted by your worship.
You were hungry.

You visited 1 branch You collected 1919 gold pieces.
You spent 757 gold pieces at shops.

Inventory:

Hand Weapons
 m - a +6 antimagic executioner's axe (weapon)
Armour
 b - a +0 pair of gloves (worn)
 q - a +8 plate armour (worn)
 w - a +2 pair of boots of flying (worn)
 y - a +1 cloak (worn)
Jewellery
 a - an uncursed ring of protection from cold
 n - a +2 ring of protection (left hand)
 o - a ring of protection from magic (right hand)
 p - an uncursed ring of ice
 t - an uncursed ring of fire
Wands
 l - a wand of iceblast (10)
Scrolls
 i - 4 scrolls of blinking
 k - 4 scrolls of remove curse
Potions
 d - 8 potions of curing
 e - 9 potions of heal wounds
 f - a potion of haste
 g - 4 potions of magic
 h - a potion of berserk rage
 j - a potion of invisibility
 r - a potion of might
 z - a potion of brilliance
Comestibles
 c - 19 rations
 s - 5 chunks of flesh


   Skills:
 * Level 24.5 Fighting
 * Level 24.5 Axes
 + Level 18.4 Armour
 + Level 17.1 Dodging


You had 13 spell levels left.
You didn't know any spells.
Your spell library was empty.

Dungeon Overview and Level Annotations

Branches:
Dungeon (1/1)

Altars:
Cheibriados
Dithmenos
Elyvilon
Fedhas
Gozag
Hepliaklqana
Kikubaaqudgha
Makhleb
Nemelex Xobeh
Okawaru
Qazlal
Ru
Sif Muna
Trog
Uskayaw
Vehumet
Wu Jian
Xom
Yredelemnul
Zin
The Shining One
Beogh
Jiyva
Lugonu

Shops:
D (*!


Innate Abilities, Weirdness & Mutations

You reflexively headbutt those who attack you in melee.
You have a pair of horns on your head.


Message History

The fire dragon claws you but does no damage.
The fire dragon tramples you but does no damage.
You barely miss the fire dragon. You headbutt the fire dragon!
The fire dragon is moderately wounded.
Your skin stops crawling.
You feel less resistant to hostile enchantments.
The fire dragon breathes flames at you. The blast of flame hits you!
Things that are here:
an enchanted glaive; a plate armour The fire dragon breathes flames at you.
The blast of flame hits you! The fire dragon breathes flames at you.
The blast of flame hits you! The fire dragon breathes flames at you.
The blast of flame hits you!
* * * LOW HITPOINT WARNING * * *
The fire dragon breathes flames at you. The blast of flame hits you!
You die...

▓▓▓▓▓▓▓▓▓▓▓▓▓▓▓▓▓▓▓▓▓▓▓▓▓▓
▓...D.c.T..Q....))()..*C..
▓.▓▓▓▓▓▓▓▓▓▓▓▓▓▓▓▓▓▓▓▓▓▓▓▓▓
▓...cD....@()..............
▓▓▓▓▓▓▓▓▓▓▓▓▓▓▓▓▓▓▓▓▓▓▓▓▓▓▓
▓....)....))).))'))..)....'
▓.▓▓▓▓▓▓▓▓▓▓▓▓▓▓▓▓▓▓▓▓▓▓▓▓▓
▓.......).[...(.((.........
▓▓▓▓▓▓▓▓▓▓▓▓▓▓▓▓▓▓▓▓▓▓▓▓▓▓▓
▓.........'...=.))))))))...
▓.▓▓▓▓▓▓▓▓▓▓▓▓▓▓▓▓▓▓▓▓▓▓▓▓▓
▓..............(.(..(......


You could see a fire dragon and a yaktaur captain.

Vanquished Creatures
  Gastronok (D)
  A frost giant (D)
  2 ghost moths (D)
  An emperor scorpion (D)
  A stone giant (D)
  A very ugly thing (D)
  Nessos (D)
  A vampire knight (D)
  Azrael (D)
  An ettin (D)
  An ettin (shapeshifter) (D)
  A great orb of eyes (D)
  A merfolk impaler (D)
  Harold (D)
  An ice dragon (D)
  A rakshasa (D)
  A centaur warrior (D)
  An alligator (D)
  A ghost crab (D)
  A two-headed ogre (D)
  3 ogre magi (D)
  2 deep troll shamans (D)
  A tengu warrior (D)
  A naga sharpshooter (D)
  Sonja (D)
  2 iron trolls (D)
  5 deep trolls (D)
  A swamp dragon (D)
  4 orc knights (D)
  A spriggan druid (D)
  A harpy (D)
  3 wolf spiders (D)
  2 cyclopes (D)
  An ugly thing (D)
  A moth of wrath (D)
  A water nymph (D)
  Joseph (D)
  2 merfolk sirens (D)
  4 spiny frogs (D)
  A rime drake (D)
  A demonic crawler (D)
  A freezing wraith (D)
  A tengu conjurer (D)
  2 komodo dragons (D)
  3 trolls (D)
  2 merfolk (D)
  3 jumping spiders (D)
  A bog body (D)
  2 blink frogs (D)
  3 hippogriffs (D)
  A tarantella (D)
  2 water elementals (D)
  2 yaks (D)
  A shadow (D)
  A basilisk (D)
  6 fire elementals (D)
  A vampire mosquito (D)
  Grum (D)
  A naga (D)
  4 porcupines (D)
  11 orc warriors (D)
  2 ice beasts (D)
  A swamp drake (D)
  A phantom (D)
  3 wolves (D)
  An ogre (D)
  3 crocodiles (D)
  A big kobold (shapeshifter) (D)
  2 bullfrogs (D)
  A jelly (D)
  A hound (D)
  5 orc priests (D)
  An iguana (D)
  An orc wizard (D)
  An adder zombie (D)
  An adder skeleton (D)
  6 orcs (D)
  A bat zombie (D)
  A goblin (D)
  A hobgoblin (D)
  A kobold (D)
  2 quokkas (D)
  2 bats (D)
148 creatures vanquished.

Vanquished Creatures (collateral kills)
  A nagaraja (D)
  An ogre mage (D)
  3 black mambas (D)
  A guardian serpent (D)
  A naga mage (D)
  2 tyrant leeches (D)
  3 vampire mosquitoes (D)
  2 bullfrogs (D)
14 creatures vanquished.

Vanquished Creatures (others)
  A salamander (D)
1 creature vanquished.

Grand Total: 163 creatures vanquished

Notes
Turn   | Place    | Note
-------+----------+-------------------------------------------
     0 | D        | HoaS the Minotaur Berserker began the quest for the Orb.
     0 | D        | Reached XP level 1. HP: 19/19 MP: 0/0
     8 | D        | Reached ** piety under Trog
   116 | D        | Noticed a hound
   116 | D        | Noticed a jelly
   116 | D        | Noticed an ogre
   127 | D        | Killed a hound
   127 | D        | Reached skill level 5 in Fighting
   127 | D        | Reached skill level 5 in Axes
   127 | D        | Reached XP level 2. HP: 20/30 MP: 1/1
   127 | D        | Reached XP level 3. HP: 25/37 MP: 2/2
   129 | D        | Reached *** piety under Trog
   129 | D        | Reached XP level 4. HP: 28/45 MP: 3/3
   138 | D        | Killed an ogre
   138 | D        | Reached skill level 5 in Armour
   138 | D        | Reached skill level 5 in Dodging
   138 | D        | Reached XP level 5. HP: 15/53 MP: 4/4
   384 | D        | Found a roughly hewn altar of Beogh.
   384 | D        | Found a snail-covered altar of Cheibriados.
   384 | D        | Found a shadowy altar of Dithmenos.
   384 | D        | Found a white marble altar of Elyvilon.
   384 | D        | Found a blossoming altar of Fedhas.
   384 | D        | Found an opulent altar of Gozag.
   385 | D        | Found a hazy altar of Hepliaklqana.
   386 | D        | Found a viscous altar of Jiyva.
   387 | D        | Found an ancient bone altar of Kikubaaqudgha.
   388 | D        | Found a corrupted altar of Lugonu.
   389 | D        | Found a burning altar of Makhleb.
   390 | D        | Found a sparkling altar of Nemelex Xobeh.
   391 | D        | Found an iron altar of Okawaru.
   392 | D        | Found a stormy altar of Qazlal.
   393 | D        | Found a sacrificial altar of Ru.
   394 | D        | Found a deep blue altar of Sif Muna.
   395 | D        | Found a bloodstained altar of Trog.
   396 | D        | Found a hide-covered altar of Uskayaw.
   397 | D        | Found a radiant altar of Vehumet.
   398 | D        | Found an ornate altar of the Wu Jian Council.
   399 | D        | Found a shimmering altar of Xom.
   400 | D        | Found a basalt altar of Yredelemnul.
   401 | D        | Found a glowing silver altar of Zin.
   402 | D        | Found a glowing golden altar of the Shining One.
   450 | D        | Noticed a two-headed ogre
   450 | D        | Noticed an orc warrior
   450 | D        | Noticed a yak
   455 | D        | Killed a two-headed ogre
   455 | D        | Reached **** piety under Trog
   455 | D        | Reached XP level 6. HP: 70/70 MP: 5/5
   455 | D        | Reached XP level 7. HP: 75/75 MP: 6/6
   456 | D        | Received a gift from Trog
   461 | D        | Killed a yak
   461 | D        | Reached XP level 8. HP: 85/85 MP: 7/7
   587 | D        | Noticed a cyclops
   587 | D        | Noticed a centaur warrior
   587 | D        | Noticed a troll
   590 | D        | Killed a cyclops
   595 | D        | Killed a centaur warrior
   595 | D        | Reached ***** piety under Trog
   595 | D        | Reached skill level 10 in Armour
   595 | D        | Reached XP level 9. HP: 70/95 MP: 8/8
   607 | D        | Killed a troll
   820 | D        | Noticed a spiny frog
   820 | D        | Noticed a spiny frog
   823 | D        | Noticed a komodo dragon
   828 | D        | Killed a spiny frog
   828 | D        | Received a gift from Trog
   828 | D        | Reached skill level 10 in Dodging
   829 | D        | Killed a spiny frog
   829 | D        | Reached skill level 15 in Fighting
   829 | D        | Reached skill level 15 in Axes
   848 | D        | Killed a komodo dragon
   881 | D        | Reached ****** piety under Trog
   881 | D        | Reached XP level 10. HP: 61/107 MP: 4/9
  1060 | D        | Noticed a spiny frog
  1068 | D        | Received a gift from Trog
  1072 | D        | Killed a spiny frog
  1208 | D        | Received a gift from Trog
  1282 | D        | Noticed Harold
  1293 | D        | Killed Harold
  1293 | D        | Received a gift from Trog
  1328 | D        | Noticed Grum
  1343 | D        | Killed Grum
  1495 | D        | Noticed Gastronok
  1505 | D        | Killed Gastronok
  1505 | D        | Reached XP level 11. HP: 95/119 MP: 3/10
  1613 | D        | Noticed an orc knight
  1615 | D        | Received a gift from Trog
  1622 | D        | Killed an orc knight
  1754 | D        | Noticed an orc knight
  1776 | D        | Received a gift from Trog
  1781 | D        | Killed an orc knight
  1781 | D        | Received a gift from Trog
  1962 | D        | Noticed an orc knight
  1976 | D        | Killed an orc knight
  2189 | D        | Received a gift from Trog
  2231 | D        | Noticed an orc knight
  2260 | D        | Killed an orc knight
  2391 | D        | Found Qaowul's Food Emporium.
  2391 | D        | Noticed an iron troll
  2391 | D        | Noticed an ogre mage
  2391 | D        | Noticed a deep troll
  2391 | D        | Noticed a deep troll
  2395 | D        | Noticed an ogre mage
  2402 | D        | Killed an iron troll
  2405 | D        | Killed an ogre mage
  2407 | D        | Killed a deep troll
  2407 | D        | Noticed a deep troll
  2413 | D        | Killed a deep troll
  2415 | D        | Received a gift from Trog
  2418 | D        | Noticed an ettin
  2421 | D        | Killed a deep troll
  2429 | D        | Killed an ettin
  2429 | D        | Reached XP level 12. HP: 42/132 MP: 2/11
  2433 | D        | Killed an ogre mage
  2721 | D        | Found Kopt's Antique Weapon Shoppe.
  2725 | D        | Found Puagrebi's Assorted Antiques.
  2729 | D        | Found Kujag's Distillery.
  2733 | D        | Noticed an ogre mage
  2744 | D        | Reached skill level 15 in Armour
  2756 | D        | Killed an ogre mage
  2756 | D        | Received a gift from Trog
  2948 | D        | Bought an ivory ring for 130 gold pieces
  2952 | D        | Bought a potion of curing for 42 gold pieces
  3017 | D        | Noticed Sonja
  3026 | D        | Killed Sonja
  3042 | D        | HP: 6/134 [poisoned by Sonja (curare-tipped needle)]
  3049 | D        | HP: 6/134 [poisoned by Sonja (curare-tipped needle)]
  3054 | D        | HP: 6/134 [poisoned by Sonja (curare-tipped needle)]
  3664 | D        | Noticed an ice dragon
  3667 | D        | Received a gift from Trog
  3679 | D        | Noticed a deep troll shaman
  3683 | D        | Killed an ice dragon
  3710 | D        | Killed a deep troll shaman
  3710 | D        | Received a gift from Trog
  3753 | D        | Noticed a great orb of eyes
  3762 | D        | Killed a great orb of eyes
  3781 | D        | Noticed a red very ugly thing
  3813 | D        | Killed a purple very ugly thing
  3816 | D        | Noticed a rakshasa
  3926 | D        | Killed a rakshasa
  3993 | D        | Noticed Joseph
  4002 | D        | Killed Joseph
  4029 | D        | Noticed an emperor scorpion
  4041 | D        | Reached skill level 15 in Dodging
  4047 | D        | Received a gift from Trog
  4053 | D        | Killed an emperor scorpion
  4053 | D        | Reached XP level 13. HP: 111/145 MP: 4/12
  4073 | D        | Received a gift from Trog
  4219 | D        | Noticed a merfolk impaler
  4243 | D        | Killed a merfolk impaler
  4250 | D        | Received a gift from Trog
  4676 | D        | Received a gift from Trog
  4688 | D        | Received a gift from Trog
  4787 | D        | Noticed a nagaraja
  4801 | D        | Killed a nagaraja
  4806 | D        | Received a gift from Trog
  4819 | D        | Received a gift from Trog
  4894 | D        | Killed a ghost moth
  4906 | D        | Killed a ghost moth
  5153 | D        | Noticed Azrael
  5166 | D        | Killed Azrael
  5166 | D        | Received a gift from Trog
  5626 | D        | Bought a ration for 65 gold pieces
  5626 | D        | Bought a ration for 65 gold pieces
  5626 | D        | Bought a ration for 65 gold pieces
  5626 | D        | Bought a ration for 65 gold pieces
  5626 | D        | Bought a ration for 65 gold pieces
  5626 | D        | Bought a ration for 65 gold pieces
  5626 | D        | Bought a ration for 65 gold pieces
  5626 | D        | Bought a ration for 65 gold pieces
  5626 | D        | Bought a ration for 65 gold pieces
  5972 | D        | Noticed Nessos
  5983 | D        | Killed Nessos
  6013 | D        | Noticed a frost giant
  6013 | D        | Noticed a stone giant
  6017 | D        | Noticed a vampire knight
  6025 | D        | Killed a frost giant
  6026 | D        | Noticed a fire dragon
  6030 | D        | Killed a vampire knight
  6030 | D        | Received a gift from Trog
  6030 | D        | Reached XP level 14. HP: 79/159 MP: 4/13
  6039 | D        | Killed a stone giant
  6043 | D        | Noticed a tengu reaver
  6093 | D        | Killed from afar by a fire dragon

Skill      XL: |  1  2  3  4  5  6  7  8  9 10 11 12 13 14 |
---------------+-------------------------------------------+-----
Fighting       | 5 6 8 11 12 14 15 18 19 22 24 | 24.5
Axes           | 5 6 8 11 12 14 15 18 19 22 24 | 24.5
Armour         | 3 4 5 8 9 10 11 13 14 16 18 | 18.4
Dodging        | 3 4 5 7 8 9 10 12 13 15 16 17 | 17.1

Action                   |  1- 3 |  4- 6 |  7- 9 | 10-12 | 13-15 || total
-------------------------+-------+-------+-------+-------+-------++-------
Melee: Hand axe          |    23 |     8 |       |       |       ||    31
       Headbutt          |     1 |     2 |    16 |    67 |    41 ||   127
       Broad axe         |       |     4 |    73 |       |       ||    77
       Executioner's axe |       |       |       |   239 |   164 ||   403
       Battleaxe         |       |       |       |    21 |       ||    21
Invok: Berserk           |     1 |     1 |       |     1 |     2 ||     5
       Trog's Hand       |     1 |       |     2 |     3 |     2 ||     8
       Brothers in Arms  |       |       |       |     2 |     3 ||     5
  Use: Scroll            |       |       |     4 |     7 |       ||    11
       Potion            |       |       |       |     1 |     1 ||     2
  Eat: Chunk             |       |       |     2 |    11 |     3 ||    16
       Ration            |       |       |       |     1 |     2 ||     3
Armor: Animal skin       |     3 |     3 |       |       |       ||     6
       Scale mail        |       |     1 |       |       |       ||     1
       Plate armour      |       |       |    28 |   146 |   115 ||   289
Dodge: Dodged            |    18 |     4 |    24 |   153 |    88 ||   287
